 Dungeon Crawl Stone Soup version 0.21.1-1-g345015fe64 (webtiles) character file.

56 KleinerIrrer the Chopper (level 3, -5/23 HPs)
             Began as a Gargoyle Fighter on Apr 4, 2018.
             Blown up by Ijyb (12 damage)
             ... with a wand of disintegration (15)
             ... on level 3 of the Dungeon.
             The game lasted 00:00:19 (2038 turns).

KleinerIrrer the Chopper (Gargoyle Fighter)         Turns: 2038, Time: 00:00:19

Health: -5/23      AC: 11    Str: 20    XL:     3   Next: 97%
Magic:  3/3        EV:  7    Int:  8    God:
Gold:   107        SH:  9    Dex: 11    Spells: 2/2 levels left

rFire    . . .     SeeInvis .   Y - +0 war axe
rCold    . . .     Gourm    .   c - +0 shield
rNeg     + . .     Faith    .   b - +0 scale mail
rPois    ∞         Spirit   .   (no helmet)
rElec    +         Reflect  .   (no cloak)
rCorr    .         Harm     .   k - +0 pair of gloves (curse)
MR       .....                  (no boots)
Stlth    ..........             (no amulet)
HPRegen  0.07/turn              (no ring)
MPRegen  0.08/turn              (no ring)

@: no status effects
A: agile 1, negative energy resistance 1, electricity resistance, unbreathing,
petrification resistance, rot immunity, MP-powered wands, sturdy frame 1, AC +3
a: no special abilities


You were on level 3 of the Dungeon.
You were not hungry.

You visited 1 branch of the dungeon, and saw 3 of its levels.

You collected 107 gold pieces.


Innate Abilities, Weirdness & Mutations

You are resistant to torment.
Your stone body is resilient. (AC +3)
You are immune to poison.
You resist negative energy. (rN+)
You are resistant to electric shocks. (rElec)
You can survive without breathing.
You are immune to petrification.
You are immune to rotting.
You are agile. (Dex +2)
You expend magic power (3 MP) to strengthen your wands.
Your movements are slightly less encumbered by armour. (ER -2)


   Skills:
 - Level 3.2 Fighting
 + Level 3.7 Axes
 - Level 3.2 Armour
 - Level 3.2 Shields


You had 2 spell levels left.
You didn't know any spells.

Inventory:

Hand Weapons
 m - a cursed +0 whip
 Y - a +0 war axe (weapon)
Armour
 b - a +0 scale mail (worn)
 c - a +0 shield (worn)
 k - a cursed +0 pair of gloves (worn)
Jewellery
 f - an uncursed ring of fire {unknown}
 h - a +3 ring of evasion {unknown}
 o - an uncursed amulet of regeneration {unknown}
Potions
 d - a potion of might
 g - a potion of flight {unknown}
 i - a potion of haste {unknown}
 j - a potion of ambrosia {unknown}
 l - a potion of mutation
Comestibles
 a - a chunk of flesh
 e - 2 rations

Dungeon Overview and Level Annotations

Branches:
Dungeon (3/15)

Altars:

Annotations:
D:3 Ijyb


Message History

The kobold throws a stone.
You block the stone.
Found 6 gold pieces.
You see here a stone.
Ijyb the Twisted Goblin comes into view.
She is wielding an enchanted club.
Ijyb shouts!
You block the kobold's attack.
A kobold comes into view. It is wielding a short sword of venom.
You miss the kobold.
The kobold shouts!
You block the kobold's attack.
The kobold moves out of view.
Ijyb zaps a wand.
You are blasted!
It is a wand of disintegration (16).
You slash the kobold!
You kill the kobold!
The kobold throws a stone.
You block the stone.
You see here a stone.
Ijyb zaps a wand.
You are blasted!
Ouch! That really hurt!
Ijyb zaps a wand.
You are blasted!
Ouch! That really hurt!
You die...

#K#.#.... #.#g#.#.# #
#.#.#.#.# #
#.#.#.#.#.#######
.#..#.#)#.#.#.....>..
..........#.#........
##.###(#(#.#.############
..........................
##$####.#@#(#.####.#######
...#.#.#.####.#######
..#......#.#........... #.
#..##..#.#.##.####### ..
#........#.##.# #
#.###..#<#.##.# ..
...#...##.###### ##
#.#...........#
#.####.####.#


You could see Ijyb.

Vanquished Creatures
  An adder (D:2)
  A dart slug (D:1)
  A leopard gecko (D:2)
  A giant cockroach (D:2)
  6 goblins
  3 hobgoblins
  8 jackals
  10 bats
  4 frilled lizards
  4 kobolds
  5 rats
44 creatures vanquished.

Notes
Turn   | Place    | Note
-------+----------+-------------------------------------------
     0 | D:1      | KleinerIrrer the Gargoyle Fighter began the quest for the Orb.
     0 | D:1      | Reached XP level 1. HP: 14/14 MP: 1/1
     0 | D:1      | 0 ||| counter = 65
   261 | D:1      | Reached XP level 2. HP: 19/19 MP: 2/2
   554 | D:1      | 554 ||| DROPPING club.
   633 | D:1      | Reached skill level 3 in Axes
   736 | D:1      | Reached XP level 3. HP: 21/23 MP: 3/3
  1141 | D:1      | 1141 ||| READING scroll labeled UCWIUCREODETT.
  1146 | D:1      | 1146 ||| READING scroll labeled LOOH FIUFU.
  1147 | D:1      | 1147 ||| DRINKING 3 fizzy golden potions.
  1147 | D:1      | Gained mutation: Armour fits poorly on your strangely shaped body. [potion of mutation]
  1147 | D:1      | Gained mutation: Your movements are slightly less encumbered by armour. (ER -2) [potion of mutation]
  1147 | D:1      | Gained mutation: Your flesh is heat resistant. (rF+) [potion of mutation]
  1148 | D:1      | 1148 ||| DRINKING 2 potions of mutation.
  1148 | D:1      | Lost mutation: Your flesh is heat resistant. (rF+) [potion of mutation]
  1148 | D:1      | Lost mutation: Armour fits poorly on your strangely shaped body. [potion of mutation]
  1148 | D:1      | Gained mutation: You expend magic power (3 MP) to strengthen your wands. [potion of mutation]
  1148 | D:1      | Gained mutation: You are agile. (Dex +2) [potion of mutation]
  1226 | D:2      | 1226 ||| EATING 3 rations.
  1990 | D:2      | 1990 ||| UPGRADING to pair of gloves.
  1995 | D:2      | 1995 ||| READING scroll labeled QEEWEN SEHAED.
  2033 | D:3      | Noticed Ijyb
  2038 | D:3      | Blown up by Ijyb

Vault maps used:
D:1:      dpeg_cavernosity
D:3:      grunt_temple_overflow_open, first_ration, uniq_ijyb

Skill      XL: |  1  2 |
---------------+-------+-----
Axes           | 2 3 |  3.7
Fighting       | |  3.2
Armour         | |  3.2
Shields        | |  3.2

Action                   || total
-------------------------++-------
Melee: War axe           ||   134
  Use: Scroll            ||     3
       Potion            ||     2
  Eat: Ration            ||     1
Armor: Scale mail        ||    68
Dodge: Dodged            ||    41
Block: Shield            ||    77

Table legend:
 A = Spawn XP
 B = Non-spawn XP
 C = Spawn XP percentage of total XP
 D = Spawn monster count
 E = Non-spawn monster count
 F = Spawn count percentage of total count
 G = Total turns spent on level
                    A         B        C        D         E        F      G
               +---------+---------+-------+---------+---------+-------+---------
         Total |       0 |      81 |   0.0 |       0 |      44 |   0.0 |  2038
               +---------+---------+-------+---------+---------+-------+---------
           D:1 |       0 |      36 |   0.0 |       0 |      22 |   0.0 |  1209
           D:2 |       0 |      40 |   0.0 |       0 |      19 |   0.0 |   794
           D:3 |       0 |       5 |   0.0 |       0 |       3 |   0.0 |    35
               +---------+---------+-------+---------+---------+-------+---------
